 Dungeon Crawl Stone Soup version 0.21.0 (webtiles) character file.

261 Leibowitz the Cutter (level 6, 0/37 HPs)
             Began as a Kobold Gladiator on Jan 7, 2018.
             Killed by divine providence
             ... invoked by an orc priest
              (10 damage)
             ... on level 4 of the Dungeon.
             The game lasted 00:07:03 (2726 turns).

Leibowitz the Cutter (Kobold Gladiator)             Turns: 2726, Time: 00:07:05

Health: 0/37       AC:  4    Str: 11    XL:     6   Next: 41%
Magic:  6/6        EV: 17    Int: 15    God:
Gold:   169        SH:  0    Dex: 18    Spells: 5/5 levels left

rFire    + . .     SeeInvis .   a - +2 dagger (venom)
rCold    + . .     Gourm    .   (shield restricted)
rNeg     . . .     Faith    .   b - +0 leather armour
rPois    +         Spirit   .   c - +0 helmet
rElec    +         Reflect  .   (no cloak)
rCorr    +         Harm     .   (no gloves)
MR       .....                  (no boots)
Stlth    ++........             g - amulet of magic regeneration
HPRegen  0.12/turn              (no ring)
MPRegen  0.35/turn              (no ring)

@: brilliant, resistant
A: small, carnivore
a: no special abilities


You were on level 4 of the Dungeon.
You were very full.

You visited 1 branch of the dungeon, and saw 4 of its levels.

You collected 169 gold pieces.

Inventory:

Hand Weapons
 a - a +2 dagger of venom (weapon)
 p - a +0 rapier
Missiles
 d - 5 throwing nets (quivered)
 r - 5 curare-tipped needles
Armour
 b - a +0 leather armour (worn)
 c - a +0 helmet (worn)
Jewellery
 g - an amulet of magic regeneration (around neck)
Scrolls
 e - a scroll of enchant weapon {unknown}
 h - 6 scrolls of teleportation {unknown}
 i - 3 scrolls of identify {unknown}
 j - a scroll of remove curse {unknown}
 k - 2 scrolls of magic mapping {unknown}
 l - a scroll of amnesia {unknown}
Potions
 n - a potion of brilliance
Comestibles
 f - 5 rations


   Skills:
 * Level 3.3 Fighting
 * Level 6.5 Short Blades
 - Level 2.1 Throwing
 + Level 0.9 Armour
 * Level 5.1 Dodging
 * Level 2.1 Stealth


You had 5 spell levels left.
You didn't know any spells.

Dungeon Overview and Level Annotations

Branches:
Dungeon (4/15)
 Temple: D:4-7

Altars:


Innate Abilities, Weirdness & Mutations

You are small and have problems with some larger weapons.
You are carnivorous and can eat meat at any time.


Message History

The orc priest hits you with a hand axe.
* * * LOW HITPOINT WARNING * * *
You bump into the rock wall.
You bump into the rock wall.
The orc priest casts a cantrip, but nothing happens.
You bump into the rock wall.
The orc priest completely misses you.
You closely miss the orc priest.
You feel less confused.
The orc priest hits you but does no damage.
You hit the orc priest.
The orc priest is poisoned.
The orc priest is lightly wounded.
The orc priest misses you.
You hit the orc priest.
The orc priest is moderately wounded.
You hit the orc priest.
The orc priest looks as sick as possible!
The orc priest is heavily wounded.
The orc priest invokes the aid of Beogh against you.
Beogh smites you!
You die...

#.# #/# ..# #.# #.##
### #..# ##.## #).#
########.#.######).#
........###.....@o.#
(.######.#.#######.#
#.# ##.## .# #.# ###
.. #.# ..# #.# ..#
#.# ..# #.# ..#


You could see an orc priest.

Vanquished Creatures
  An orc priest (D:3)
  A worker ant (D:3)
  2 orc wizards
  3 adders
  2 oozes
  3 leopard geckos
  14 orcs
  3 ball pythons
  9 bats
  8 giant cockroaches
  12 goblins
  4 hobgoblins
  11 jackals
  8 kobolds
  7 frilled lizards
  7 rats
95 creatures vanquished.

Notes
Turn   | Place    | Note
-------+----------+-------------------------------------------
     0 | D:1      | Leibowitz the Kobold Gladiator began the quest for the Orb.
     0 | D:1      | Reached XP level 1. HP: 12/12 MP: 1/1
    89 | D:1      | Reached XP level 2. HP: 12/17 MP: 2/2
   391 | D:1      | Reached XP level 3. HP: 22/22 MP: 3/3
   760 | D:1      | Reached skill level 5 in Short Blades
  1035 | D:2      | Reached XP level 4. HP: 16/27 MP: 4/4
  1444 | D:2      | Reached skill level 1 in Stealth
  1682 | D:2      | Reached XP level 5. HP: 30/31 MP: 5/5
  2228 | D:3      | Reached skill level 6 in Short Blades
  2440 | D:3      | Reached XP level 6. HP: 37/37 MP: 6/6
  2465 | D:3      | Reached skill level 5 in Dodging
  2726 | D:4      | Killed from afar by an orc priest

Skill      XL: |  1  2  3  4  5  6 |
---------------+-------------------+-----
Dodging        | 4 5 |  5.1
Short Blades   | 5 6 |  6.5
Stealth        | 1 2 |  2.1
Fighting       | 3 |  3.3
Throwing       | |  2.1
Armour         | |  0.9

Action                   |  1- 3 |  4- 6 || total
-------------------------+-------+-------++-------
Melee: Rapier            |   123 |   143 ||   266
       Dagger            |       |    83 ||    83
  Use: Potion            |       |     3 ||     3
 Stab: Sleeping          |     3 |     1 ||     4
  Eat: Chunk             |     8 |     6 ||    14
Armor: Leather armour    |    31 |    20 ||    51
Dodge: Dodged            |   106 |   161 ||   267
